AoeStats
← Nomad

Arabia

510232418Analyzed
1v1 RM · 21h ago on Sep 30, 2026· 23m 48s· 2 players
Game mode
Random Map
Map size
Tiny (2 player)
Population
200
Speed
Normal
Resources
Standard
Victory
Conquest
Starting age
Dark Age
Ending age
Imperial Age
RankedLock teamsTeams togetherTeam positionsShared explorationLock speedFull tech treeHidden civsTurbo modeCheats
Victory
Defeat
🇦🇺 Tatars · Australia
1591
+19
🇨🇳 Vietnamese · China
1654
-19
Nomad
6:20 Loom
8:49 Feudal Age
9:55 Double-Bit Axe
21:31 Castle Age
20:35 Horse Collar
20:46 Fletching
21:35 Crossbowman
22:20 Bodkin Arrow
曾瑞瘦龙
5:45 Loom
9:01 Feudal Age
9:32 Double-Bit Axe
16:31 Fletching
17:35 Padded Archer Armor
23:16 Castle Age
22:10 Horse Collar
22:43 Gold Mining
23:25 Crossbowman
Connection lost

Rejoining the realm…

Still unreachable

The connection could not be restored.

Session expired

The server has moved on; the page needs a fresh start.